 Dungeon Crawl Stone Soup version 0.29.1-12-g30fa7ad0bf (webtiles) character file.

Game seed: 6511742858952034664

554 ReploidZero the Ducker (level 7, 0/55 HPs)
             Began as a Merfolk Gladiator on Jan 9, 2023.
             Killed from afar by a white imp (13 damage)
             ... with a puff of frost
             ... on level 5 of the Dungeon.
             The game lasted 00:08:26 (4818 turns).

ReploidZero the Ducker (Merfolk Gladiator)          Turns: 4818, Time: 00:08:26

Health: 0/55       AC:  5    Str: 14    XL:     7   Next: 30%
Magic:  7/7        EV: 15    Int:  8    God:
Gold:   273        SH:  0    Dex: 17    Spells: 6/6 levels left

rFire   . . .      SeeInvis .   a - +1 long sword
rCold   . . .      Faith    .   (no shield)
rNeg    . . .      Spirit   .   b - +0 leather armour
rPois   .          Reflect  .   c - +0 helmet
rElec   .          Harm     .   n - +0 cloak
rCorr   .          Rampage  .   (no gloves)
Will    .....                   (no boots)
Stlth   +.........              (no amulet)
HPRegen 0.18/turn               (no ring)
MPRegen 0.10/turn               (no ring)

@: no status effects
A: (nimble swimmer 2), mertail
a: no special abilities


You were on level 5 of the Dungeon.
You visited 1 branch of the dungeon, and saw 5 of its levels.

You collected 273 gold pieces.

Inventory:

Hand Weapons
 a - a +1 long sword (weapon)
Missiles
 d - 2 throwing nets (quivered)
 e - a javelin
Armour
 b - a +0 leather armour (worn)
 c - a +0 helmet (worn)
 n - a +0 cloak (worn)
Jewellery
 k - a ring of fire
Wands
 s - a wand of paralysis (10)
Scrolls
 f - a scroll of magic mapping
 g - 2 scrolls of blinking
 j - 2 scrolls of teleportation {unknown}
 l - 4 scrolls of noise
 q - 2 scrolls of identify
 r - a scroll of fear {unknown}
Potions
 h - 2 potions of attraction {unknown}
 i - a potion of cancellation
 m - a potion of curing
 o - a potion of resistance
 p - a potion of might


   Skills:
 + Level 4.6 Fighting
 + Level 5.7 Long Blades
 + Level 4.2 Throwing
 + Level 6.3 Dodging


You had 6 spell levels left.
You didn't know any spells.
Your spell library contained the following spells:

 Spells                   Type           Power      Damage    Failure   Level
 Slow                     Hex            0%         N/A       50%         1
 Confusing Touch          Hex            0%         N/A       86%         3
 Vampiric Draining        Necr           0%         2d6       86%         3


Dungeon Overview and Level Annotations

Branches:
Dungeon (5/15)
 Temple: D:4-7

Altars:
Elyvilon
Fedhas
Zin


Innate Abilities, Weirdness & Mutations

((You are very nimble when in or above water. (Stealth+, EV+, Speed+++)))
Your lower body shifts to a powerful aquatic tail in water.


Message History

The white imp barely misses you.
You barely miss the white imp. The white imp gestures at you.
The puff of frost hits you!
You closely miss the white imp. The white imp gestures at you.
The puff of frost misses you. The orc barely misses you.
You barely miss the white imp. The white imp gestures at you.
The puff of frost hits you. The orc hits you with a +0 flail.
You are too injured to fight recklessly!
You are too injured to fight recklessly!
You are too injured to fight recklessly!
The orc attacks as you move away! The orc closely misses you.
The white imp gestures at you. The puff of frost hits you.
The orc attacks as you move away! The orc hits you with a +0 flail!
The orc attacks as you move away! The orc barely misses you.
You are too injured to fight recklessly!
You are too injured to fight recklessly!
You are too injured to fight recklessly!
You barely miss the orc. The orc misses you.
You closely miss the orc. The orc hits you with a +0 flail.
You closely miss the orc. The orc closely misses you.
You hit the orc.
The orc is severely wounded.
The white imp spits at you. The orc hits you but does no damage.
You hit the orc.
You kill the orc!
The white imp gestures at you. The puff of frost misses you.
You barely miss the white imp. The white imp gestures at you.
The puff of frost hits you.
* * * LOW HITPOINT WARNING * * *
You hit the white imp but do no damage. The white imp gestures at you.
The puff of frost hits you!
You die...

#. #... #. #.. #. +.. #.
#.. #. #.# #. #.# #. #.#
#. #@# #. #########5#
#####.
#..|....#.###########.....
....................'.....
#.......#.###########<....
#.......#.# #.....
#.......#.# #.....
#.......#.# #.>...
........#.# #.....


You could see a white imp.

Vanquished Creatures
  Sigmund (D:2)
  A phantom (D:4)
  A howler monkey (D:5)
  An orc priest (D:3)
  Crazy Yiuf (D:2)
  An iguana (D:4)
  4 gnolls
  5 adders
  2 dart slugs
  10 orcs
  7 endoplasms
  3 giant cockroaches
  9 hobgoblins
  5 jackals
  3 quokkas
  8 ball pythons
  2 bats
  3 frilled lizards
  10 goblins
  7 kobolds
  9 rats
93 creatures vanquished.

Notes
Turn   | Place    | Note
-------+----------+-------------------------------------------
     0 | D:1      | ReploidZero the Merfolk Gladiator began the quest for the
                  | Orb.
     0 | D:1      | Reached XP level 1. HP: 16/16 MP: 1/1
    22 | D:1      | Reached XP level 2. HP: 8/23 MP: 2/2
   592 | D:1      | Found a faded altar of an unknown god.
   632 | D:1      | Reached XP level 3. HP: 24/28 MP: 3/3
  1736 | D:2      | Noticed Sigmund
  1772 | D:2      | Killed Sigmund
  1773 | D:2      | Reached skill level 5 in Long Blades
  1773 | D:2      | Reached skill level 5 in Dodging
  1773 | D:2      | Reached XP level 4. HP: 14/37 MP: 4/4
  1773 | D:2      | Reached XP level 5. HP: 16/42 MP: 5/5
  1773 | D:2      | Reached XP level 6. HP: 18/48 MP: 6/6
  2379 | D:2      | Found a runed translucent door.
  2380 | D:2      | Noticed Crazy Yiuf
  2704 | D:2      | Killed Crazy Yiuf
  3035 | D:3      | Found a glowing silver altar of Zin.
  3443 | D:3      | Found a white marble altar of Elyvilon.
  3493 | D:3      | Found a blossoming altar of Fedhas.
  3804 | D:4      | Reached skill level 6 in Dodging
  3807 | D:4      | Identified the +0 leather armour of Liberalism {Regen+
                  | Str-3 Dex+5}
  3857 | D:4      | Reached XP level 7. HP: 42/55 MP: 7/7
  4590 | D:5      | Entered Level 5 of the Dungeon
  4818 | D:5      | Killed from afar by a white imp

Illustrated notes

Levels and vault maps discovered:
D:1:      psy_arrival_terrarium, layout_loops_corners,
          hellmonk_ecumenical_altar_leap_of_faith, hangedman_feature_mirror,
          minivault_27
D:2:      layout_basic, minmay_cut_off, uniq_crazy_yiuf_cottage, uniq_sigmund
D:3:      layout_loops_ring, mainiacjoe_overflow_catwalk,
          nicolae_elyvilon_temple_path, lemuel_coloured_pillars_altar,
          chequers_serial_rivers_micro_c
D:4:      layout_basic
D:5:      layout_basic

Skill      XL: |  1  2  3  4  5  6 |
---------------+-------------------+-----
Long Blades    | 4 5 |  5.7
Fighting       | 3 4 |  4.6
Throwing       | 3 4 |  4.2
Dodging        | 5 6 |  6.3

Action                   |  1- 3 |  4- 6 |  7- 9 || total
-------------------------+-------+-------+-------++-------
Melee: Long sword        |   107 |   134 |    78 ||   319
       Punch             |     2 |       |     1 ||     3
       Tailslap          |       |     1 |       ||     1
Throw: Throwing net      |     2 |     1 |       ||     3
  Use: Potion            |     2 |     1 |       ||     3
       Scroll            |       |     8 |     1 ||     9
 Stab: Held in net/web   |     1 |       |       ||     1
       Sleeping          |       |     2 |       ||     2
       Distracted        |       |       |     1 ||     1
Armor: Leather armour    |    37 |    23 |    15 ||    75
Dodge: Dodged            |    83 |   109 |    54 ||   246
